[Event "SRB-chT Women 1st League 2019"]
[Site "Subotica"]
[Date "2019.08.29"]
[Round "8"]
[White "Djukic, Sandra"]
[Black "Drljevic, Ljilja"]
[Result "1/2-1/2"]
[ECO "E97"]
[WhiteElo "2179"]
[BlackElo "2162"]
[Annotator "NA"]
[PlyCount "35"]
[EventDate "2019.08.23"]
[EventType "team-tourn"]
[EventCountry "SRB"]
[SourceTitle "playchess.com"]
[Source "ChessBase"]
[SourceQuality "1"]
[TimeControl "40/5400+30:1800+30"]

1. d4 d6 2. Nf3 Nf6 3. c4 g6 4. Nc3 Bg7 5. e4 O-O 6. Be2 e5 7. O-O Nc6 8. Be3 Ng4 9. Bg5 f6 10. Bc1 f5 11. dxe5 Ngxe5 12. exf5 Bxf5 13. Be3 Ng4 14. Bd2 Nge5 15. Be3 Ng4 16. Bd2 Nge5 17. Be3 Ng4 18. Bd2 1/2-1/2

[Event "SRB-chT Women 1st League 2019"]
[Site "Subotica"]
[Date "2019.08.29"]
[Round "8"]
[White "Blagojevic, Tijana"]
[Black "Tomin, Ksenija"]
[Result "1-0"]
[ECO "B41"]
[WhiteElo "2155"]
[BlackElo "2041"]
[Annotator "NA"]
[PlyCount "95"]
[EventDate "2019.08.23"]
[EventType "team-tourn"]
[EventCountry "SRB"]
[SourceTitle "playchess.com"]
[Source "ChessBase"]
[SourceQuality "1"]
[TimeControl "40/5400+30:1800+30"]

1. e4 c5 2. Nf3 e6 3. d4 cxd4 4. Nxd4 a6 5. c4 Nf6 6. Nc3 d6 7. Be2 Qc7 8. Be3 b6 9. Rc1 Nbd7 10. a3 Bb7 11. f3 Be7 12. O-O Rc8 13. b4 O-O 14. Qd2 Qb8 15. Kh1 Bd8 16. Rc2 Bc7 17. Bg1 Rfd8 18. Rb1 Qa8 19. Na4 Ne5 20. Nb2 h6 21. a4 Kh7 22. Nd3 g5 23. h3 Ng6 24. a5 bxa5 25. b5 Bxe4 26. fxe4 Nxe4 27. Qe3 d5 28. Bh2 Bb6 29. c5 Nxc5 30. Nc6 Nd7 31. Qc1 Rg8 32. bxa6 f5 33. Bg1 Bxg1 34. Kxg1 Nf6 35. a7 Rxc6 36. Rxc6 Qxa7+ 37. Qc5 Qxc5+ 38. Nxc5 Nf4 39. Bf1 Re8 40. Rbb6 Ne4 41. Nxe6 Nxe6 42. Rxe6 Rxe6 43. Rxe6 a4 44. Bd3 a3 45. Bxe4 fxe4 46. Kf2 h5 47. Ke3 Kg7 48. Kd4 1-0

[Event "SRB-chT Women 1st League 2019"]
[Site "Subotica"]
[Date "2019.08.29"]
[Round "8"]
[White "Maksimovic, Suzana"]
[Black "Zarkovic, Mila"]
[Result "1-0"]
[ECO "A17"]
[WhiteElo "2150"]
[BlackElo "2141"]
[Annotator "NA"]
[PlyCount "87"]
[EventDate "2019.08.23"]
[EventType "team-tourn"]
[EventCountry "SRB"]
[SourceTitle "playchess.com"]
[Source "ChessBase"]
[SourceQuality "1"]
[TimeControl "40/5400+30:1800+30"]

1. Nf3 Nf6 2. c4 e6 3. Nc3 Bb4 4. Qc2 d5 5. a3 Bxc3 6. Qxc3 O-O 7. e3 Nbd7 8. b3 Re8 9. Bb2 e5 10. cxd5 Nxd5 11. Qc2 c6 12. h4 f6 13. h5 h6 14. Bc4 Kh8 15. Rh4 Qe7 16. O-O-O e4 17. Nd4 N7b6 18. f3 f5 19. g3 exf3 20. Nxf5 Bxf5 21. Qxf5 Nxc4 22. Rxc4 Rf8 23. Qg6 Nf6 24. Rf1 b5 25. Rf4 Qc5+ 26. Kb1 Qg5 27. Qxg5 hxg5 28. R4xf3 Kh7 29. Bxf6 gxf6 30. Rxf6 Rfd8 31. Kc2 c5 32. R1f5 c4 33. bxc4 bxc4 34. Rf7+ Kh8 35. Rxg5 Rd3 36. Rf4 Rad8 37. Rd4 R8xd4 38. exd4 Rxa3 39. g4 Rd3 40. Rd5 Rg3 41. g5 a6 42. Ra5 Kg7 43. Rxa6 Rxg5 44. Rg6+ 1-0

[Event "SRB-chT Women 1st League 2019"]
[Site "Subotica"]
[Date "2019.08.29"]
[Round "8"]
[White "Milutinovic, Stefana"]
[Black "Srdanovic, Jovana"]
[Result "1/2-1/2"]
[ECO "D13"]
[WhiteElo "2140"]
[BlackElo "2005"]
[Annotator "NA"]
[PlyCount "53"]
[EventDate "2019.08.23"]
[EventType "team-tourn"]
[EventCountry "SRB"]
[SourceTitle "playchess.com"]
[Source "ChessBase"]
[SourceQuality "1"]
[TimeControl "40/5400+30:1800+30"]

1. d4 d5 2. c4 c6 3. cxd5 cxd5 4. Bf4 Nf6 5. e3 Nc6 6. Nc3 e6 7. Bd3 a6 8. Rc1 Be7 9. Nf3 Nh5 10. Be5 Nxe5 11. dxe5 g6 12. O-O O-O 13. Qb3 b5 14. Nd4 Bb7 15. a4 b4 16. Nce2 Qb6 17. Rc2 Rac8 18. Rfc1 Ng7 19. Nf4 Bc5 20. Nfe2 Be7 21. Rxc8 Rxc8 22. Rxc8+ Bxc8 23. Qc2 Bd7 24. h3 Kf8 25. Ng3 f6 26. Nf3 f5 27. Ne2 1/2-1/2

[Event "SRB-chT Women 1st League 2019"]
[Site "Subotica"]
[Date "2019.08.29"]
[Round "8"]
[White "Urosevic, Marija"]
[Black "Miladinovic, Lena"]
[Result "1-0"]
[ECO "E43"]
[WhiteElo "2064"]
[BlackElo "2119"]
[Annotator "NA"]
[PlyCount "57"]
[EventDate "2019.08.23"]
[EventType "team-tourn"]
[EventCountry "SRB"]
[SourceTitle "playchess.com"]
[Source "ChessBase"]
[SourceQuality "1"]
[TimeControl "40/5400+30:1800+30"]

1. d4 e6 2. c4 Bb4+ 3. Nc3 Nf6 4. e3 O-O 5. Bd3 c5 6. Nf3 b6 7. O-O Bxc3 8. bxc3 Bb7 9. Nd2 Nc6 10. f4 d5 11. Ba3 dxc4 12. Nxc4 Qd5 13. Qc2 Rfd8 14. e4 Qh5 15. dxc5 bxc5 16. e5 Nd5 17. Bxc5 Ba6 18. Rf3 Bxc4 19. Bxc4 Nxf4 20. Rxf4 Qxe5 21. Qf2 Qxc3 22. Rf1 Rd2 23. Qe3 Qc2 24. Qf3 Rc8 25. Rxf7 h6 26. Qg3 g5 27. Be3 Rd1 28. Bxe6 Re8 29. R7f2+ 1-0

[Event "SRB-chT Women 1st League 2019"]
[Site "Subotica"]
[Date "2019.08.29"]
[Round "8"]
[White "Nestorovic, Irena"]
[Black "Velikic, Adela"]
[Result "0-1"]
[ECO "D35"]
[WhiteElo "2050"]
[BlackElo "2252"]
[Annotator "NA"]
[PlyCount "100"]
[EventDate "2019.08.23"]
[EventType "team-tourn"]
[EventCountry "SRB"]
[SourceTitle "playchess.com"]
[Source "ChessBase"]
[SourceQuality "1"]
[TimeControl "40/5400+30:1800+30"]

1. d4 d5 2. c4 c6 3. Nf3 Nf6 4. Nc3 e6 5. cxd5 exd5 6. Bg5 Nbd7 7. e3 Be7 8. Bd3 Ne4 9. Bxe7 Qxe7 10. Bxe4 dxe4 11. Nd2 Nf6 12. Qc2 Bf5 13. h3 O-O 14. Nb3 Rfe8 15. O-O Qd7 16. Qe2 b6 17. Rad1 Rad8 18. Nd2 Bg6 19. Nc4 Bh5 20. g4 Nxg4 21. hxg4 Bxg4 22. f3 Bxf3 23. Rxf3 exf3 24. Qxf3 Re6 25. Ne5 Qe7 26. Qf5 Rf6 27. Qg4 Rh6 28. Kf2 Re8 29. Rg1 f6 30. Qf4 Rh5 31. Nxc6 Qe6 32. d5 Qh3 33. e4 Qd3 34. Qf3 Rh2+ 35. Rg2 Qc2+ 36. Kg3 Qc1 37. Qf2 h5 38. Nd4 Rxg2+ 39. Kxg2 Qg5+ 40. Kh2 Qe5+ 41. Kg2 Qg5+ 42. Qg3 Qd2+ 43. Qf2 Qg5+ 44. Kf3 Qg4+ 45. Ke3 h4 46. Nf5 h3 47. Ng3 Re5 48. Qf3 Qc8 49. Nf5 Qxf5 50. Qg3 Qg5+ 0-1

[Event "SRB-chT Women 1st League 2019"]
[Site "Subotica"]
[Date "2019.08.30"]
[Round "9"]
[White "Eric, Jovana"]
[Black "Djukic, Sandra"]
[Result "0-1"]
[ECO "B12"]
[WhiteElo "2270"]
[BlackElo "2179"]
[Annotator "ChessBase"]
[PlyCount "62"]
[EventDate "2019.08.23"]
[EventType "team-tourn"]
[EventCountry "SRB"]
[SourceTitle "playchess.com"]
[Source "ChessBase"]
[SourceQuality "1"]
[TimeControl "40/5400+30:1800+30"]

1. e4 c6 2. d4 d5 3. e5 Bf5 4. Be3 e6 5. Nd2 Nd7 6. c3 Ne7 7. f4 Qb6 8. b4 g5 9. fxg5 Nxe5 10. Ngf3 Nxf3+ 11. Nxf3 Bg7 12. Be2 h6 13. gxh6 Bxh6 14. Bxh6 Rxh6 15. Qd2 Rh8 16. a4 Qc7 17. a5 a6 18. Kd1 f6 19. Kc1 Be4 20. g4 Rh3 21. Rf1 O-O-O 22. Kb2 Bxf3 23. Rxf3 Rxf3 24. Bxf3 Rh8 25. Rh1 Ng6 26. h3 Qg3 27. Qg2 Qxg2+ 28. Bxg2 Kd7 29. c4 Nh4 30. Bf1 Nf3 31. Kc3 Kd6 0-1

[Event "SRB-chT Women 1st League 2019"]
[Site "Subotica"]
[Date "2019.08.30"]
[Round "9"]
[White "Hejazipour, Mitra"]
[Black "Injac, Teodora"]
[Result "0-1"]
[ECO "E90"]
[WhiteElo "2251"]
[BlackElo "2223"]
[Annotator "ChessBase"]
[PlyCount "45"]
[EventDate "2019.08.23"]
[EventType "team-tourn"]
[EventCountry "SRB"]
[SourceTitle "playchess.com"]
[Source "ChessBase"]
[SourceQuality "1"]
[TimeControl "40/5400+30:1800+30"]

1. d4 Nf6 2. c4 g6 3. Nc3 Bg7 4. e4 d6 5. h3 O-O 6. Be3 e5 7. d5 a5 8. g4 Na6 9. Nf3 Nd7 10. Be2 Ndc5 11. g5 c6 12. Nd2 f5 13. gxf6 Qxf6 14. Nf3 Nb4 15. Bxc5 dxc5 16. a3 Na6 17. Qd2 Nc7 18. O-O-O Rd8 19. Qe3 cxd5 20. cxd5 Ne8 21. h4 Nd6 22. h5 gxh5 23. Rxh5 0-1

[Event "SRB-chT Women 1st League 2019"]
[Site "Subotica"]
[Date "2019.08.30"]
[Round "9"]
[White "Nestorovic, Katarina"]
[Black "Belic, Jordanka"]
[Result "0-1"]
[ECO "B01"]
[WhiteElo "2159"]
[BlackElo "2259"]
[Annotator "NA"]
[PlyCount "40"]
[EventDate "2019.08.23"]
[EventType "team-tourn"]
[EventCountry "SRB"]
[SourceTitle "playchess.com"]
[Source "ChessBase"]
[SourceQuality "1"]
[TimeControl "40/5400+30:1800+30"]

1. e4 d5 2. exd5 Qxd5 3. Nc3 Qd6 4. d4 c6 5. Nf3 Nf6 6. Ne5 Nbd7 7. Nc4 Qc7 8. Qf3 Nb6 9. h3 Be6 10. Nxb6 Qxb6 11. Qd3 O-O-O 12. Ne2 g6 13. a4 Bf5 14. Qc4 Nd5 15. c3 a5 16. Nf4 e5 17. Nxd5 Rxd5 18. dxe5 Bc5 19. Be2 Bxf2+ 20. Kf1 Bg3 0-1

[Event "SRB-chT Women 1st League 2019"]
[Site "Subotica"]
[Date "2019.08.30"]
[Round "9"]
[White "Zarkovic, Mila"]
[Black "Chelushkina, Irina"]
[Result "1/2-1/2"]
[ECO "B15"]
[WhiteElo "2141"]
[BlackElo "2275"]
[Annotator "ChessBase"]
[PlyCount "33"]
[EventDate "2019.08.23"]
[EventType "team-tourn"]
[EventCountry "SRB"]
[SourceTitle "playchess.com"]
[Source "ChessBase"]
[SourceQuality "1"]
[TimeControl "40/5400+30:1800+30"]

1. e4 g6 2. d4 Bg7 3. Nc3 c6 4. Be3 d5 5. h3 dxe4 6. Nxe4 Nd7 7. Nf3 Ngf6 8. Nxf6+ Nxf6 9. Bc4 O-O 10. O-O Nd5 11. Bg5 f6 12. Bd2 Be6 13. Bb3 b5 14. Re1 Bf7 15. a4 Re8 16. c4 bxc4 17. Bxc4 1/2-1/2

[Event "SRB-chT Women 1st League 2019"]
[Site "Subotica"]
[Date "2019.08.30"]
[Round "9"]
[White "Miladinovic, Lena"]
[Black "Velikic, Adela"]
[Result "0-1"]
[ECO "D12"]
[WhiteElo "2119"]
[BlackElo "2252"]
[Annotator "ChessBase"]
[PlyCount "28"]
[EventDate "2019.08.23"]
[EventType "team-tourn"]
[EventCountry "SRB"]
[SourceTitle "playchess.com"]
[Source "ChessBase"]
[SourceQuality "1"]
[TimeControl "40/5400+30:1800+30"]

1. d4 d5 2. Nf3 Nf6 3. c4 c6 4. e3 Bf5 5. Bd3 Bg6 6. Nc3 e6 7. O-O Nbd7 8. Bxg6 hxg6 9. Qd3 Bb4 10. Bd2 a5 11. Ne2 Bd6 12. Bc3 Ne4 13. Ng3 f5 14. Qe2 Qf6 0-1

[Event "SRB-chT Women 1st League 2019"]
[Site "Subotica"]
[Date "2019.08.30"]
[Round "9"]
[White "Bojicic, Andjela"]
[Black "Tomin, Ksenija"]
[Result "1-0"]
[ECO "E83"]
[WhiteElo "2016"]
[BlackElo "2041"]
[Annotator "NA"]
[PlyCount "48"]
[EventDate "2019.08.23"]
[EventType "team-tourn"]
[EventCountry "SRB"]
[SourceTitle "playchess.com"]
[Source "ChessBase"]
[SourceQuality "1"]
[TimeControl "40/5400+30:1800+30"]

1. d4 Nf6 2. c4 g6 3. Nc3 Bg7 4. e4 d6 5. f3 O-O 6. Be3 a6 7. Qd2 Nc6 8. Nge2 Bd7 9. Nc1 Nh5 10. Nb3 a5 11. d5 Ne5 12. Nd4 f5 13. exf5 gxf5 14. Be2 f4 15. Bf2 Bh6 16. Qc2 Ng7 17. g4 c5 18. dxc6 bxc6 19. Ne4 c5 20. Nb5 Ne8 21. O-O-O Rb8 22. h4 Bg7 23. Nbc3 Nf7 24. Ng5 Nf6 1-0

[Event "SRB-chT Women 1st League 2019"]
[Site "Subotica"]
[Date "2019.08.30"]
[Round "9"]
[White "Stanimirovic, Marija"]
[Black "Vuckovic, Lidija"]
[Result "0-1"]
[ECO "E60"]
[WhiteElo "1896"]
[BlackElo "1866"]
[Annotator "NA"]
[PlyCount "28"]
[EventDate "2019.08.23"]
[EventType "team-tourn"]
[EventCountry "SRB"]
[SourceTitle "playchess.com"]
[Source "ChessBase"]
[SourceQuality "1"]
[TimeControl "40/5400+30:1800+30"]

1. c4 c5 2. Nc3 Nc6 3. Nf3 Nf6 4. d4 cxd4 5. Nxd4 g6 6. g3 Bg7 7. Bg2 O-O {[%emt 0:02:30] ck "W/0:07. c4 ( g6 ( 1:31] Bd3 Nc32. c4 ( g6 ( 1:31] Bd3 Nc3 1:31] Bg6 Bg7 (} 8. e4 {[%clk( [%clk} e6 {[%emt 0:05:30] d6} 9. O-O {[%emt 0:00:00] O-O (} a6 {[%clk ( [%clk hxg6} 10. Qd2 {[%emt 1:14:00] ( 8. a6 ( 10. ( 10. Bd2 Bd7 ( ( [%clk} a5 {[%emt 1:10:00] Nc1 11. Ne2 Nh5 ( (Bd2 Bd7 ( ( 11. Ne2 Nh5 ( ( Nb3 ( 12.1:18]Bc3 a5 Ne4 Ne. Ne. Ng3 ( ( Ne. Ne. Ng3 (} 11. Qe2 {[%emt 0:00:00] f5 f5 ( 0:56] exf5 Qe2 f5 f5 ( 0:56] exf5 gxf5 Be2 f4 Bf2} Bh6 12. Qc2 {[%emt 0:00:00] Ng7 g4 c5 dxc6 bxc6} Nxe4 13. c5 {[%emt 0:02:30] Nb5 Ne8 O-O-O} Rb8 14. h4 Bg7 {[%emt 0:09:47] Nbc3 Nf7 Ng5 Nf6 Bd3 Ne5} 0-1

[Event "SRB-chT Women 1st League 2019"]
[Site "Subotica"]
[Date "2019.08.31"]
[Round "10"]
[White "Gaponenko, Inna"]
[Black "Dimitrijevic, Aleksandra"]
[Result "1-0"]
[ECO "B07"]
[WhiteElo "2446"]
[BlackElo "2142"]
[Annotator "NA"]
[PlyCount "115"]
[EventDate "2019.08.23"]
[EventType "team-tourn"]
[EventCountry "SRB"]
[SourceTitle "playchess.com"]
[Source "ChessBase"]
[SourceQuality "1"]
[TimeControl "40/5400+30:1800+30"]

1. e4 d6 2. d4 Nf6 3. Nc3 e5 4. dxe5 dxe5 5. Qxd8+ Kxd8 6. Bg5 Be6 7. O-O-O+ Kc8 8. f4 exf4 9. Nge2 Nbd7 10. Nxf4 Bb4 11. Bxf6 Nxf6 12. Nxe6 fxe6 13. Bc4 Re8 14. e5 Ng4 15. Rhe1 c6 16. Rd4 Nh6 17. Bxe6+ Rxe6 18. Rxb4 Kc7 19. Rh4 Rae8 20. Rh5 R8e7 21. Na4 b6 22. b3 Ng4 23. Rxh7 Nxe5 24. Nb2 b5 25. Rh4 Nd7 26. Rxe6 Rxe6 27. a4 Kb6 28. Rg4 g6 29. axb5 cxb5 30. Nd3 Rd6 31. Rg5 a5 32. h4 a4 33. bxa4 bxa4 34. Kb2 Kc7 35. Nf4 Nf8 36. Ka3 Rc6 37. Nd5+ Kd7 38. Nb4 Rc4 39. g3 Ke7 40. Kxa4 Kf7 41. Kb5 Re4 42. Nd3 Ne6 43. Re5 Rg4 44. Re3 Kf6 45. Ne5 Rd4 46. c4 Rd1 47. Kb6 Rb1+ 48. Kc6 Nd4+ 49. Kd5 Nf5 50. Nd7+ Kg7 51. Rd3 Rg1 52. c5 Rc1 53. g4 Nxh4 54. c6 Ng2 55. Rd4 g5 56. Nc5 Ne3+ 57. Kd6 Nc2 58. c7 1-0

[Event "SRB-chT Women 1st League 2019"]
[Site "Subotica"]
[Date "2019.08.31"]
[Round "10"]
[White "Bulmaga, Irina"]
[Black "Bojkovic, Natasa"]
[Result "1-0"]
[ECO "B43"]
[WhiteElo "2444"]
[BlackElo "2374"]
[Annotator "NA"]
[PlyCount "55"]
[EventDate "2019.08.23"]
[EventType "team-tourn"]
[EventCountry "SRB"]
[SourceTitle "playchess.com"]
[Source "ChessBase"]
[SourceQuality "1"]
[TimeControl "40/5400+30:1800+30"]

1. e4 c5 2. Nf3 e6 3. d4 cxd4 4. Nxd4 a6 5. Nc3 b5 6. Bd3 Bb7 7. O-O Ne7 8. e5 Ng6 9. Qh5 Qh4 10. Qxh4 Nxh4 11. Be4 Nc6 12. Nxc6 dxc6 13. a4 b4 14. Nd1 f5 15. exf6 gxf6 16. g3 f5 17. Bh1 Ng6 18. Ne3 O-O-O 19. Nc4 Bg7 20. Be3 Ne5 21. Na5 Ng4 22. Bc5 Rd2 23. Bxb4 Rxc2 24. Rac1 Rxc1 25. Rxc1 Bxb2 26. Rb1 Bf6 27. Nxb7 Kxb7 28. Bd6+ 1-0

[Event "SRB-chT Women 1st League 2019"]
[Site "Subotica"]
[Date "2019.08.31"]
[Round "10"]
[White "Rapport, Jovana"]
[Black "Voyska, Margarita"]
[Result "1-0"]
[ECO "D13"]
[WhiteElo "2370"]
[BlackElo "2214"]
[Annotator "NA"]
[PlyCount "55"]
[EventDate "2019.08.23"]
[EventType "team-tourn"]
[EventCountry "SRB"]
[SourceTitle "playchess.com"]
[Source "ChessBase"]
[SourceQuality "1"]
[TimeControl "40/5400+30:1800+30"]

1. d4 d5 2. c4 c6 3. cxd5 cxd5 4. Bf4 Nc6 5. e3 Nf6 6. Nc3 a6 7. Bd3 e6 8. Rc1 Be7 9. Nf3 O-O 10. h3 Bd7 11. O-O Rc8 12. Qe2 Qa5 13. Rfd1 Rfd8 14. a3 b5 15. e4 b4 16. axb4 Nxb4 17. Ra1 Qb6 18. exd5 Nfxd5 19. Bg5 Nf6 20. Bb1 Bc6 21. Ne5 Rxd4 22. Re1 Bb5 23. Qf3 Nc6 24. Bxh7+ Kf8 25. Bxf6 Bxf6 26. Ng4 Qd8 27. Be4 Rd2 28. Nxb5 1-0

[Event "SRB-chT Women 1st League 2019"]
[Site "Subotica"]
[Date "2019.08.31"]
[Round "10"]
[White "Belic, Jordanka"]
[Black "Hejazipour, Mitra"]
[Result "1/2-1/2"]
[ECO "B51"]
[WhiteElo "2259"]
[BlackElo "2251"]
[Annotator "NA"]
[PlyCount "121"]
[EventDate "2019.08.23"]
[EventType "team-tourn"]
[EventCountry "SRB"]
[SourceTitle "playchess.com"]
[Source "ChessBase"]
[SourceQuality "1"]
[TimeControl "40/5400+30:1800+30"]

1. e4 c5 2. Nf3 d6 3. Bb5+ Nd7 4. O-O a6 5. Bxd7+ Bxd7 6. c4 e5 7. Nc3 b5 8. d3 Ne7 9. b3 b4 10. Ne2 Nc6 11. Ng3 h5 12. h3 Be7 13. Ne1 h4 14. Nf5 Bxf5 15. exf5 Nd4 16. Qg4 d5 17. Qxg7 Bf6 18. Qg4 Qd7 19. Be3 dxc4 20. dxc4 O-O-O 21. Bxd4 exd4 22. Qf3 Qb7 23. Qxb7+ Kxb7 24. Nd3 Kb6 25. a3 a5 26. axb4 axb4 27. Ra2 Ra8 28. Rfa1 Rxa2 29. Rxa2 Rh5 30. Ra8 Rxf5 31. Rf8 Bg5 32. Kf1 Kc7 33. Ke2 Kd7 34. Rh8 Be7 35. Rh6 Rg5 36. Kf3 Rf5+ 37. Ke4 Rg5 38. Nf4 Bd6 39. Rxh4 Re5+ 40. Kd3 Rf5 41. g3 Bxf4 42. gxf4 Rf6 43. Rh5 Rxf4 44. Rxc5 Rxf2 45. Rd5+ Kc6 46. Kxd4 Rf3 47. Rh5 Rxb3 48. Rh6+ Kd7 49. Kc5 Rb1 50. Rd6+ Ke7 51. Rd3 b3 52. Kb5 b2 53. Rd2 Rh1 54. Rxb2 Rxh3 55. c5 Rh8 56. Rd2 Rd8 57. Re2+ Kd7 58. Ra2 Rb8+ 59. Kc4 Rb1 60. Ra7+ Kc6 61. Rxf7 1/2-1/2

[Event "SRB-chT Women 1st League 2019"]
[Site "Subotica"]
[Date "2019.08.31"]
[Round "10"]
[White "Manakova, Maria"]
[Black "Kovacevic, Radmila"]
[Result "1-0"]
[ECO "B01"]
[WhiteElo "2237"]
[BlackElo "2117"]
[Annotator "NA"]
[PlyCount "73"]
[EventDate "2019.08.23"]
[EventType "team-tourn"]
[EventCountry "SRB"]
[SourceTitle "playchess.com"]
[Source "ChessBase"]
[SourceQuality "1"]
[TimeControl "40/5400+30:1800+30"]

1. e4 d5 2. exd5 Nf6 3. d4 Bg4 4. Nf3 Qxd5 5. Be2 Nc6 6. c4 Qf5 7. O-O O-O-O 8. Be3 e5 9. d5 Bxf3 10. Bxf3 a6 11. Nd2 Ne7 12. b4 h5 13. b5 axb5 14. Rb1 e4 15. Be2 Ng6 16. Rxb5 Bd6 17. Re1 Kd7 18. c5 Be5 19. d6 Ke8 20. Rxb7 cxd6 21. cxd6 Bxd6 22. Qb3 Ne7 23. Nc4 Bf4 24. Bb6 e3 25. Bxe3 Kf8 26. Qb6 Re8 27. Nd6 Bxd6 28. Qxd6 Ne4 29. Qb4 Qe5 30. Bf3 Nd6 31. Bc5 Qxe1+ 32. Qxe1 Nxb7 33. Bxb7 Rh6 34. Bd5 Kg8 35. h3 Nxd5 36. Qxe8+ Kh7 37. Qe4+ 1-0

[Event "SRB-chT Women 1st League 2019"]
[Site "Subotica"]
[Date "2019.08.31"]
[Round "10"]
[White "Benderac, Ana"]
[Black "Arsovic, Jelena"]
[Result "1-0"]
[ECO "A03"]
[WhiteElo "2228"]
[BlackElo "2034"]
[Annotator "NA"]
[PlyCount "109"]
[EventDate "2019.08.23"]
[EventType "team-tourn"]
[EventCountry "SRB"]
[SourceTitle "playchess.com"]
[Source "ChessBase"]
[SourceQuality "1"]
[TimeControl "40/5400+30:1800+30"]

1. f4 d5 2. Nf3 Nf6 3. g3 Bg4 4. Bg2 e6 5. O-O Nbd7 6. b3 Bd6 7. Bb2 Bxf3 8. exf3 O-O 9. d4 c5 10. c3 Qb6 11. Rf2 Rac8 12. Bf1 Nb8 13. Na3 Nc6 14. Nc2 Rc7 15. Kg2 Rfc8 16. Ne3 g6 17. Rc1 Bf8 18. Rcc2 cxd4 19. cxd4 Bg7 20. Rcd2 Ne8 21. Nc2 Nd6 22. Ba3 Nf5 23. Bc5 Qa5 24. g4 b6 25. b4 Qxa2 26. gxf5 bxc5 27. fxe6 fxe6 28. bxc5 Qa4 29. Qe2 Re7 30. Qb5 Qxb5 31. Bxb5 Bh6 32. Kg3 Rf7 33. Rde2 Bxf4+ 34. Kg2 Re7 35. Rf1 Kf7 36. Ra1 e5 37. Bxc6 Rxc6 38. Nb4 Rc8 39. Nxd5 Rd7 40. Nxf4 exf4 41. Re4 g5 42. h4 h6 43. Kh3 Re8 44. Ra4 Rb8 45. hxg5 hxg5 46. Kg4 Rb3 47. c6 Rc7 48. d5 Rb5 49. Re5 Rxc6 50. Rxa7+ Kf6 51. Rf5+ Kg6 52. Rxg5+ Kf6 53. Rf5+ Kg6 54. dxc6 Rxf5 55. Rg7+ 1-0

[Event "SRB-chT Women 1st League 2019"]
[Site "Subotica"]
[Date "2019.08.31"]
[Round "10"]
[White "Djukic, Sandra"]
[Black "Bojicic, Andjela"]
[Result "1/2-1/2"]
[ECO "E97"]
[WhiteElo "2179"]
[BlackElo "2016"]
[Annotator "NA"]
[PlyCount "81"]
[EventDate "2019.08.23"]
[EventType "team-tourn"]
[EventCountry "SRB"]
[SourceTitle "playchess.com"]
[Source "ChessBase"]
[SourceQuality "1"]
[TimeControl "40/5400+30:1800+30"]

1. d4 Nf6 2. c4 g6 3. Nc3 Bg7 4. e4 d6 5. Nf3 O-O 6. Be2 e5 7. O-O Nc6 8. d5 Ne7 9. Kh1 Nh5 10. Ng1 Nf4 11. Bf3 f5 12. g3 fxe4 13. Nxe4 Nh3 14. Nxh3 Bxh3 15. Bg2 Bxg2+ 16. Kxg2 Nf5 17. Be3 Qe7 18. Qd3 b6 19. b4 a5 20. a3 a4 21. Rab1 Nd4 22. f3 h6 23. h4 Qf7 24. Bxd4 exd4 25. b5 Rfe8 26. Rbe1 Re7 27. Nf2 Rae8 28. Rxe7 Rxe7 29. Ne4 Qf5 30. Re1 Qe5 31. Rh1 Re8 32. Kf2 Qf5 33. Ke2 Be5 34. Kf2 Rf8 35. Kg2 Bg7 36. Nf2 Re8 37. Ne4 Rf8 38. Nf2 Re8 39. Ne4 Rf8 40. Qe2 Qe5 41. Qd3 1/2-1/2

[Event "SRB-chT Women 1st League 2019"]
[Site "Subotica"]
[Date "2019.08.31"]
[Round "10"]
[White "Zarkovic, Mila"]
[Black "Gruic, Jadranka"]
[Result "1-0"]
[ECO "B01"]
[WhiteElo "2141"]
[BlackElo "2117"]
[Annotator "NA"]
[PlyCount "87"]
[EventDate "2019.08.23"]
[EventType "team-tourn"]
[EventCountry "SRB"]
[SourceTitle "playchess.com"]
[Source "ChessBase"]
[SourceQuality "1"]
[TimeControl "40/5400+30:1800+30"]

1. e4 d5 2. exd5 Qxd5 3. Nc3 Qd8 4. d4 Nf6 5. Bf4 c6 6. Qd2 Bf5 7. f3 e6 8. Bc4 Nbd7 9. Nge2 Nb6 10. Bb3 Nbd5 11. Bxd5 Nxd5 12. Be5 Nf6 13. g4 Bg6 14. O-O-O Bd6 15. Qe3 Qe7 16. Bxd6 Qxd6 17. Nf4 O-O-O 18. h4 h6 19. Nxg6 fxg6 20. Rhe1 Rde8 21. Ne4 Qc7 22. Nc5 Re7 23. Qa3 b6 24. Nxe6 Qd7 25. Nf4 Rxe1 26. Rxe1 Qxd4 27. Nxg6 Rd8 28. Qa6+ Kb8 29. Qe2 Re8 30. Qd2 Rxe1+ 31. Qxe1 Kb7 32. Qe7+ Nd7 33. c3 Qg1+ 34. Kc2 Qf2+ 35. Kb3 Kc8 36. Ne5 Nxe5 37. Qe8+ Kb7 38. Qxe5 Qxf3 39. Qxg7+ Ka6 40. Qxh6 Qd1+ 41. Ka3 Qxg4 42. Qxc6 Qxh4 43. Qa4+ Kb7 44. Qxh4 1-0

[Event "SRB-chT Women 1st League 2019"]
[Site "Subotica"]
[Date "2019.08.31"]
[Round "10"]
[White "Srdanovic, Jovana"]
[Black "Chelushkina, Irina"]
[Result "1/2-1/2"]
[ECO "E90"]
[WhiteElo "2005"]
[BlackElo "2275"]
[Annotator "NA"]
[PlyCount "118"]
[EventDate "2019.08.23"]
[EventType "team-tourn"]
[EventCountry "SRB"]
[SourceTitle "playchess.com"]
[Source "ChessBase"]
[SourceQuality "1"]
[TimeControl "40/5400+30:1800+30"]

1. d4 Nf6 2. c4 g6 3. Nc3 Bg7 4. e4 d6 5. h3 Nc6 6. Be3 O-O 7. Nf3 e5 8. d5 Ne7 9. Bd3 c5 10. a3 b6 11. Nd2 Ne8 12. g4 a6 13. Qe2 f5 14. f3 Rb8 15. g5 f4 16. Bf2 Rf7 17. h4 Bf8 18. b4 Ng7 19. Rb1 Bd7 20. a4 a5 21. b5 Nh5 22. Rg1 Kh8 23. Qf1 Ng8 24. Qg2 Rg7 25. Ke2 Rb7 26. Rh1 Bc8 27. Rbg1 h6 28. Kd1 hxg5 29. hxg5 Rh7 30. Kc2 Rbg7 31. Nb3 Ne7 32. Be1 Bd7 33. Bf1 Nc8 34. Rh2 Be7 35. Qe2 Bxg5 36. Qg2 Bf6 37. Rgh1 Kg8 38. Qg1 Be7 39. Bh3 Bxh3 40. Rxh3 Qd7 41. Nd1 Bd8 42. Nc1 Kf7 43. Nf2 Ne7 44. Ncd3 Ng8 45. Ng4 Bf6 46. Bh4 Qe7 47. Ndf2 Bxh4 48. Rxh4 Kf8 49. Qh2 Rf7 50. Qh3 Kg7 51. Qh2 Kh8 52. Nd3 Ngf6 53. Nxf6 Nxf6 54. Qg2 Rxh4 55. Rxh4+ Kg7 56. Rh1 Rf8 57. Nf2 Rg8 58. Kd3 Kf8 59. Qh3 Qd7 1/2-1/2

[Event "SRB-chT Women 1st League 2019"]
[Site "Subotica"]
[Date "2019.08.31"]
[Round "10"]
[White "Vujcic, Milena"]
[Black "Petronic, Sanja"]
[Result "0-1"]
[ECO "C63"]
[WhiteElo "1976"]
[BlackElo "2205"]
[Annotator "NA"]
[PlyCount "88"]
[EventDate "2019.08.23"]
[EventType "team-tourn"]
[EventCountry "SRB"]
[SourceTitle "playchess.com"]
[Source "ChessBase"]
[SourceQuality "1"]
[TimeControl "40/5400+30:1800+30"]

1. e4 e5 2. Nf3 Nc6 3. Bb5 f5 4. d3 fxe4 5. dxe4 Nf6 6. Qd3 Bc5 7. O-O d6 8. Qc4 Bd7 9. Bxc6 bxc6 10. Nxe5 Qe7 11. Nxd7 Kxd7 12. Nc3 Ng4 13. Qe2 Qh4 14. h3 h5 15. Be3 Bxe3 16. fxe3 Ne5 17. Qf2 Qxf2+ 18. Rxf2 Rag8 19. Raf1 g5 20. g3 g4 21. h4 Nf3+ 22. Kg2 Re8 23. Rd1 a5 24. a3 Rhf8 25. Rff1 Rf7 26. a4 Rfe7 27. Rf2 Re5 28. Rxf3 gxf3+ 29. Kxf3 Rb8 30. b3 Rc5 31. Rd3 Rf8+ 32. Kg2 Rg8 33. Kh3 Ke6 34. Ne2 Ke5 35. Rd2 Kxe4 36. Nf4 Kf3 37. Rg2 Kxe3 38. Re2+ Kf3 39. Rg2 Rf5 40. Nd3 Ke3 41. Rg1 Rf3 42. Kh2 Rg4 43. Kh3 Kd4 44. Kh2 c5 0-1